 Dungeon Crawl Stone Soup version 0.27.1-4-g1640c2035a (webtiles) character file.

Game seed: 5609155708143870039

135 styxcanada the Sneak (level 4, -5/23 HPs)
             Began as a Spriggan Brigand on Nov 9, 2021.
             Killed by divine providence
             ... invoked by an orc priest
              (12 damage)
             ... on level 4 of the Dungeon.
             The game lasted 00:12:04 (3870 turns).

styxcanada the Sneak (Spriggan Brigand)             Turns: 3870, Time: 00:12:04

Health: -5/23      AC:  3    Str:  7    XL:     4   Next: 97%
Magic:  5/5        EV: 17    Int: 12    God:
Gold:   155        SH:  0    Dex: 17    Spells: 3/3 levels left

rFire    + . .     SeeInvis +   a - +2 dagger
rCold    . . .     Faith    .   (shield restricted)
rNeg     . . .     Spirit   .   b - +0 robe
rPois    .         Reflect  .   (helmet restricted)
rElec    .         Harm     .   c - +0 cloak
rCorr    .         Rampage  .   (gloves unavailable)
Will     .....                  (boots unavailable)
Stlth    ++++......             (no amulet)
HPRegen  0.07/turn              q - ring of protection from fire
MPRegen  0.09/turn              (no ring)

@: very quick
A: very small, no large weapons, unfitting armour, see invisible, speed 3
a: no special abilities


You were on level 4 of the Dungeon.
You visited 1 branch of the dungeon, and saw 4 of its levels.

You collected 155 gold pieces.

Inventory:

Hand Weapons
 a - a +2 dagger (weapon)
Missiles
 d - 2 poisoned darts (quivered)
 e - 2 curare-tipped darts
 g - 143 stones
 k - 34 sling bullets
Armour
 b - a +0 robe (worn)
 c - a +0 cloak (worn)
Jewellery
 q - a ring of protection from fire (left hand)
Wands
 w - a wand of flame (20)
Scrolls
 i - 2 scrolls of noise {unknown}
 m - a scroll of enchant armour {unknown}
 n - a scroll of fog {unknown}
 o - a scroll of blinking {unknown}
 s - 2 scrolls of amnesia {unknown}
 t - 3 scrolls of teleportation {unknown}
 x - a scroll of vulnerability {unknown}
Potions
 f - 2 potions of heal wounds
 j - a potion of flight
 l - a potion of resistance
 p - a potion of ambrosia {unknown}
 r - a potion of degeneration {unknown}
 u - a potion of curing {unknown}
 v - 4 potions of might {unknown}


   Skills:
 + Level 1.9 Fighting
 + Level 3.3 Short Blades
 + Level 2.5 Throwing
 + Level 2.2 Dodging
 + Level 7.9 Stealth


You had 3 spell levels left.
You didn't know any spells.
Your spell library was empty.

Dungeon Overview and Level Annotations

Branches:
Dungeon (4/15)
 Temple: D:4-7

Altars:
Qazlal
Wu Jian


Innate Abilities, Weirdness & Mutations

You are very small and have problems with some larger weapons.
You are too small for most types of armour.
You have supernaturally acute eyesight. (SInv)
You cover ground extremely quickly. (Speed+++)


Message History

Ouch! That really hurt!
* * * LOW HITPOINT WARNING * * *
Throw: 8 darts (poison)
Press: ? - help, Q - select action, (/) - cycle Shift-Dir - straight line, f - orc wizard
Aim: an orc wizard, wielding a +0 dagger and wearing a +0 robe (slightly transparent, 53% to hit)
You throw a poisoned dart. The poisoned dart hits the orc wizard.
The orc wizard is poisoned.
Throw: 7 darts (poison)
Press: ? - help, Q - select action, (/) - cycle Shift-Dir - straight line, f/p - orc wizard
Aim: an orc wizard, wielding a +0 dagger and wearing a +0 robe (slightly transparent, poisoned, 53% to hit)
You throw a poisoned dart.
The poisoned dart completely misses the orc wizard.
The poisoned dart hits the orc.
The orc is poisoned.
Throw: 6 darts (poison)
Press: ? - help, Q - select action, (/) - cycle Shift-Dir - straight line, f/p - orc wizard
Aim: an orc wizard, wielding a +0 dagger and wearing a +0 robe (lightly wounded, slightly transparent, poisoned, 53% to hit)
You throw a poisoned dart. The poisoned dart hits the orc priest.
The orc priest is poisoned.
Throw: 5 darts (poison)
Press: ? - help, Q - select action, (/) - cycle Shift-Dir - straight line, f - orc priest
Aim: an orc priest, wielding a +0 club and wearing a +0 leather armour (poisoned, 60% to hit)
You throw a poisoned dart.
The poisoned dart barely misses the orc priest.
Throw: 4 darts (poison)
Press: ? - help, Q - select action, (/) - cycle Shift-Dir - straight line, f/p - orc priest
Aim: an orc priest, wielding a +0 club and wearing a +0 leather armour (moderately wounded, poisoned, 60% to hit)
You throw a poisoned dart. The poisoned dart hits the orc priest.
The orc priest looks even sicker.
The orc priest is moderately wounded.
The orc wizard looks more healthy.
Throw: 3 darts (poison)
Press: ? - help, Q - select action, (/) - cycle Shift-Dir - straight line, f/p - orc priest
Aim: an orc priest, wielding a +0 club and wearing a +0 leather armour (heavily wounded, very poisoned, 60% to hit)
You throw a poisoned dart. The poisoned dart hits the orc priest.
The orc priest looks even sicker.
The orc priest is heavily wounded.
The orc priest invokes the aid of Beogh against you.
Beogh smites you!
Ouch! That really hurt!
You die...

$..##...(.oo....#
#.......#######.#
####.#### #o# #.
#o###############. #.
####.#...............
#.
#............########
#.##...#####.# #
##..# ###.###### #@.#
#........##
#..###.#####...##
#......# #....#
#......# #.#..#
######.# #.#..#
#.#####.#..#
#.......#).#
########..##....#
..........##....#


You could see an orc priest (very poisoned) and an orc wizard (invisible).

Vanquished Creatures
  An orc wizard (D:3)
  3 adders
  3 worms
  A dart slug (D:1)
  3 orcs (D:3)
  6 ball pythons
  5 endoplasms
  6 giant cockroaches
  3 goblins
  2 hobgoblins (D:1)
  8 jackals
  5 kobolds
  4 quokkas
  5 bats
  2 frilled lizards (D:1)
  7 rats
64 creatures vanquished.

Notes
Turn   | Place    | Note
-------+----------+-------------------------------------------
     0 | D:1      | styxcanada the Spriggan Brigand began the quest for the
                  | Orb.
     0 | D:1      | Reached XP level 1. HP: 10/10 MP: 2/2
    18 | D:1      | Found a faded altar of an unknown god.
    41 | D:1      | Reached skill level 6 in Stealth
   181 | D:1      | Reached XP level 2. HP: 14/14 MP: 3/3
  1448 | D:2      | Reached XP level 3. HP: 16/18 MP: 4/4
  1833 | D:2      | Reached skill level 7 in Stealth
  2052 | D:2      | Found an ornate altar of the Wu Jian Council.
  2485 | D:3      | Reached XP level 4. HP: 15/23 MP: 5/5
  3778 | D:4      | Found a stormy altar of Qazlal.
  3870 | D:4      | Killed from afar by an orc priest

Illustrated notes

Levels and vault maps discovered:
D:1:      ncdulo_watergridlock, layout_basic,
          hellmonk_ecumenical_altar_leap_of_faith, serial_glass,
          glass_columns_a, glass_columns_a
D:2:      minmay_evil_eye, layout_basic, basic_altar, kennysheep_generic_room_16
D:3:      layout_rooms
D:4:      layout_loops_ring, makhleb_heckhound_becter,
          mainiacjoe_overflow_boulevard, minmay_misc_feat_five, uniq_sigmund,
          uniq_blork_the_orc, uniq_pikel

Skill      XL: |  1  2  3  4 |
---------------+-------------+-----
Stealth        | 6 7 |  7.9
Short Blades   | 3 |  3.3
Dodging        | 2 |  2.2
Fighting       | |  1.9
Throwing       | |  2.5

Action                   |  1- 3 |  4- 6 || total
-------------------------+-------+-------++-------
Melee: Dagger            |   110 |    80 ||   190
Throw: Dart              |    15 |    18 ||    33
  Use: Scroll            |       |     3 ||     3
 Stab: Sleeping          |    17 |     7 ||    24
Armor: Robe              |    16 |     9 ||    25
Dodge: Dodged            |    54 |    44 ||    98
